 Dungeon Crawl Stone Soup version 0.24-b1 (webtiles) character file.

Game seed: 9331519856883873719, levelgen mode: deterministic

16 Flugkiller the Sneak (level 2, 0/20 HPs)
             Began as an Octopode Assassin on Oct 12, 2019.
             Slain by a frilled lizard (3 damage)
             ... on level 1 of the Dungeon.
             The game lasted 00:00:26 (379 turns).

Flugkiller the Sneak (Octopode Assassin)             Turns: 379, Time: 00:00:27

Health: 0/20       AC:  1    Str: 10    XL:     2   Next: 54%
Magic:  2/2        EV: 13    Int: 13    God:
Gold:   11         SH:  0    Dex: 13    Spells: 1/1 levels left

rFire    . . .     SeeInvis .   a - +2 dagger
rCold    . . .     Gourm    .   (no shield)
rNeg     . . .     Faith    .   (helmet restricted)
rPois    .         Spirit   .   (no amulet)
rElec    .         Reflect  .   (no ring)
rCorr    .         Harm     .   (no ring)
MR       .....                  (no ring)
Stlth    ++++......             (no ring)
HPRegen  0.06/turn              (no ring)
MPRegen  0.08/turn              (no ring)
                                (no ring)
                                (no ring)

@: no status effects
A: almost no armour, stealthy swim, amphibious, 8 rings, constrict 8, camouflage
1, gelatinous body 1
a: no special abilities


You were on level 1 of the Dungeon.
You were not hungry.

You visited 1 branch of the dungeon, and saw 1 of its levels.

You collected 11 gold pieces.

Inventory:

Hand Weapons
 a - a +2 dagger (weapon)
Missiles
 b - 8 poisoned darts (quivered)
 c - 2 curare-tipped darts
Jewellery
 g - an uncursed ring of poison resistance {unknown}
   (You found it on level 1 of the Dungeon)
Scrolls
 e - a scroll of remove curse {unknown}
 h - a scroll of identify {unknown}
Comestibles
 d - a ration
 f - 3 chunks of flesh


   Skills:
 + Level 2.5 Fighting
 - Level 2.0 Short Blades
 - Level 2.0 Throwing
 + Level 1.8 Dodging
 - Level 5.3 Stealth


You had one spell level left.
You didn't know any spells.
Your spell library was empty.

Dungeon Overview and Level Annotations

Branches:
Dungeon (1/15)

Altars:


Innate Abilities, Weirdness & Mutations

You cannot wear most types of armour.
You are very stealthy in the water. (Stealth+)
You are amphibious.
You can wear up to eight rings at the same time.
You can use your tentacles to constrict eight enemies at once.
Your skin changes colour to match your surroundings (Stealth+).
Your rubbery body absorbs attacks. (AC +1, EV +1)


Message History

You release your grip on the jackal.
The ball python barely misses you. The ball python completely misses you.
The jackal barely misses you. The frilled lizard bites you.
The ball python bites you. The ball python closely misses you.
You closely miss the ball python. Your grab misses the ball python.
The ball python misses you. The ball python grabs you.
The ball python constricts you.
The frilled lizard unfolds its giant frill.
The ball python misses you.
* * * LOW HITPOINT WARNING * * *
The ball python constricts you.
You hit the ball python. Your grab misses the ball python.
Your squeeze misses the ball python.
The ball python is moderately wounded.
The ball python closely misses you.
* * * LOW HITPOINT WARNING * * *
The ball python constricts you.
You barely miss the ball python. You grab the ball python.
You squeeze the ball python.
You kill the ball python!
The jackal bites you.
* * * LOW HITPOINT WARNING * * *
You barely miss the jackal. Your grab misses the jackal.
The jackal is lightly wounded.
The jackal barely misses you.
Unknown command.
You closely miss the jackal. Your grab misses the jackal.
The jackal is lightly wounded.
The jackal misses you.
Unknown command.
You closely miss the jackal. Your grab misses the jackal.
You squeeze the jackal.
The jackal is almost dead.
The jackal bites you.
* * * LOW HITPOINT WARNING * * *
You hit the jackal.
You kill the jackal!
The jackal bites you.
* * * LOW HITPOINT WARNING * * *
You hit the jackal. Your grab misses the jackal.
Your squeeze misses the jackal.
The jackal is almost dead.
The jackal barely misses you.
Unknown command.
You hit the jackal.
You kill the jackal!
Unknown command.
You closely miss the frilled lizard. Your grab misses the frilled lizard.
The frilled lizard bites you.
You die...

#.............
#.............
#.............
###...........######
#........(.......#
#...h............#
####K##..!#......#
#l# ...#......# #@#
...#......# #.#
..#......# #.#
.#...÷..# #.#
#...(..#
#.######......###
#.#.............##
#.#.####......#...
#.#.#####.########
#.#.#≈≈≈♣≈♣≈≈≈≈#


You could see a jackal, a kobold and a frilled lizard.

Vanquished Creatures
  An ooze (D:1)
  A dart slug (D:1)
  A ball python (D:1)
  A giant cockroach (D:1)
  A goblin (D:1)
  2 jackals (D:1)
  2 frilled lizards (D:1)
9 creatures vanquished.

Vanquished Creatures (others)
  5 toadstools (D:1)
5 creatures vanquished.

Grand Total: 14 creatures vanquished

Notes
Turn   | Place    | Note
-------+----------+-------------------------------------------
     0 | D:1      | Flugkiller the Octopode Assassin began the quest for the
                  | Orb.
     0 | D:1      | Reached XP level 1. HP: 14/14 MP: 1/1
   321 | D:1      | Reached XP level 2. HP: 20/20 MP: 2/2
   379 | D:1      | Slain by a frilled lizard

Action                   || total
-------------------------++-------
Melee: Dagger            ||    27
       Constrict         ||     6
       Tentacles         ||     5
 Stab: Sleeping          ||     2
Armor: Skin              ||     3
Dodge: Dodged            ||    18
